 Dungeon Crawl Stone Soup version 0.29-a0-284-gf9362112df (webtiles) character file.

Game seed: 10302796082166708237

3617 spaghetti the Fighter (level 9, 0/94 HPs)
             Began as a Deep Dwarf Transmuter on Mar 24, 2022.
             Was an Elder of Makhleb.
             Slain by a manticore (13 damage)
             ... on level 7 of the Dungeon.
             The game lasted 00:20:27 (6699 turns).

spaghetti the Fighter (Deep Dwarf Transmuter)       Turns: 6699, Time: 00:20:27

Health: 0/94       AC:  2    Str: 14    XL:     9   Next: 86%
Magic:  9/13       EV: 20    Int: 18    God:    Makhleb [****..]
Gold:   429        SH:  0    Dex: 18    Spells: 2/11 levels left

rFire   . . .      SeeInvis .     - Unarmed
rCold   . . .      Faith    .   (shield currently unavailable)
rNeg    . . .      Spirit   .   (body armour currently unavailable)
rPois   x          Reflect  .   (helmet currently unavailable)
rElec   .          Harm     .   (cloak currently unavailable)
rCorr   .          Rampage  .   (gloves currently unavailable)
Will    +....                   (boots currently unavailable)
Stlth   ++........              (no amulet)
HPRegen 0.00/turn               (no ring)
MPRegen 0.13/turn               (no ring)

@: spider-form (expiring), wereblooded
A: venomous fangs, damage resistance, heal wounds, tiny, sense surroundings 2,
no regeneration
a: Heal Wounds, End Transformation, Renounce Religion, Minor Destruction, Lesser
Servant of Makhleb, Major Destruction


You were on level 7 of the Dungeon.
You worshipped Makhleb.
Makhleb was greatly pleased with you.
You were a venomous arachnid creature.
You visited 1 branch of the dungeon, and saw 7 of its levels.
You also visited: Sewer.

You collected 429 gold pieces.


Innate Abilities, Weirdness & Mutations

You are a venomous arachnid creature.
You have poisonous fangs.
You are tiny and dextrous.
Your spellcasting is less reliable in this form.
Your armour is entirely melded.
You are incapable of wielding weapons or throwing items.
You are resistant to damage.
You can heal yourself by infusing magical energy.
You passively map the area around you.
You do not regenerate.


   Skills:
 - Level 10.8 Fighting
 + Level 2.9 Dodging
 - Level 2.6 Unarmed Combat
 - Level 1.7 Spellcasting
 + Level 7.5 Transmutations
 + Level 1.5 Poison Magic
 + Level 9.7 Invocations


You had 2 spell levels left.
You knew the following spells:

 Your Spells              Type           Power      Damage    Failure   Level
a - Beastly Appendage     Tmut           56%        N/A       4%          1
b - Wereblood             Tmut           28%        N/A       6%          2
c - Spider Form           Tmut/Pois      17%        N/A       22%         3
d - Ignite Poison         Fire/Tmut/Pois 12%        N/A       34%         3

Your spell library contained the following spells:

 Spells                   Type           Power      Damage    Failure   Level
 Sublimation of Blood     Necr           1%         N/A       50%         2
 Ice Form                 Ice/Tmut       15%        N/A       58%         4
 Mephitic Cloud           Conj/Pois/Air  3%         N/A       63%         3
 Freezing Cloud           Conj/Ice/Air   0%         6-21      100%        5
 Summon Hydra             Summ           0%         N/A       100%        7

Inventory:

Hand Weapons
 d - a +0 club {mace}
   (You took it off a kobold on level 1 of the Dungeon)
 e - a +0 short sword {short}
   (You took it off a kobold on level 1 of the Dungeon)
 g - a +0 hunting sling {sling}
   (You found it on level 1 of the Dungeon)
 h - a +0 dagger {short}
   (You took it off a kobold on level 1 of the Dungeon)
 i - a +0 club {mace}
   (You took it off a goblin on level 1 of the Dungeon)
 j - a +0 short sword {short}
   (You took it off a kobold on level 1 of the Dungeon)
 k - a +0 dagger {short}
   (You took it off a goblin on level 1 of the Dungeon)
 l - a +0 dagger {short}
   (You took it off a goblin on level 1 of the Dungeon)
 n - a +0 short sword {short}
   (You took it off a kobold on level 1 of the Dungeon)
 p - a +2 flail of draining (melded) {mace}
   (You took it off a gnoll on level 2 of the Dungeon)
 r - a +1 antimagic short sword {short}
   (You took it off a kobold brigand in a sewer)
Missiles
 b - 9 poisoned darts {throwing}
 c - 146 stones {throwing}
 q - 2 throwing nets {=f!fthrowing}
 x - a curare-tipped dart {=fthrowing}
Armour
 a - a +0 robe (melded)
 m - a +0 hat (melded)
   (You found it on level 1 of the Dungeon)
Magical Staves
 t - a staff of poison {!astaff}
   (You found it on level 4 of the Dungeon)
Wands
 s - a wand of digging (4)
   (You found it on level 4 of the Dungeon)
 v - a wand of acid (12)
   (You found it on level 5 of the Dungeon)
Scrolls
 f - a scroll of teleportation {@r4}
 o - 2 scrolls of fear
 u - 2 scrolls of amnesia
 w - a scroll of silence {!r}
Potions
 z - a potion of haste {@q3}

Dungeon Overview and Level Annotations

Branches:
Dungeon (7/15)             Temple (0/1) D:5           Sewer (visited)

Altars:
Makhleb
Xom

, * ### * , *
* #.. , * , ,
#.# * ,, , ,
,, * #.# , * ,
, #.# , *, *
#.# * * * * *
#.# ,, , * *
,* , , #s# ,
** ** * #†.H.#
, * ..4$.....
* *
*#...........
, , **
#.........###,
,
>,...........#
*** ,
###.........#
,,, , , *
##.......## ,


You could see a manticore (extremely poisoned, ally target) and a friendly
orange demon (summoned).


Message History

Found a stone staircase leading down. 😮 MP[+2]
Your mp is fully restored (13).
Key pressed, stopping explore.
Unknown command.
You open the door.
There is an open door here.
Partly explored, can't reach some places.
Partly explored, can't reach some places.
Partly explored, can't reach some places.
Partly explored, can't reach some places.
Partly explored, can't reach some places.
(D) Dungeon (T) Temple
Where to? (Enter - D:6, ? - help)
There is a stone staircase leading down here.
You climb downwards.
The bullfrog croaks.
There is a stone staircase leading up here.
A bullfrog is nearby!
Unknown command.
Unknown command.
A bullfrog is nearby!
Casting: Spider Form (dangerous; 9% risk of failure)
Confirm with . or Enter, or press ? or * to list all spells.
You turn into a venomous arachnid creature.
Your +2 flail of draining {mace} melds into your body.
Your +0 hat melds into your body.
Your +0 robe melds into your body. 😮 MP[-3]
You lost 3 mp, and now have 10/13 mp.
Casting: Spider Form (dangerous; 22% risk of failure)
Confirm with . or Enter, or press ? or * to list all spells.
Your blood is infused with primal strength.
A manticore comes into view. 😮 MP[-2]
You lost 2 mp, and now have 8/13 mp.
You are too injured to fight recklessly!
You are too injured to fight recklessly!
You are too injured to fight recklessly!
You hit the bullfrog.
The bullfrog is poisoned.
The bullfrog completely misses you.
The manticore flicks its tail.
The volley of spikes misses you.
You hit the bullfrog.
The bullfrog looks as sick as possible!
The bullfrog hits you.
The bullfrog completely misses you. 😮 HP[-2]
You take 2 damage, and now have 60/94 hp.
You barely miss the manticore. The bullfrog closely misses you.
You hit the manticore.
The manticore is poisoned.
The manticore misses you. The manticore completely misses you.
The manticore claws you! The bullfrog misses you. 😮 HP[-7]
You take 7 damage, and now have 53/94 hp.
You barely miss the bullfrog.
Your transformation is almost over.
The bullfrog hits you but does no damage.
The manticore bites you!!
* * * LOW HITPOINT WARNING * * *
The manticore completely misses you. The manticore misses you.
The bullfrog barely misses you. 😨 HP[-20]
You take 20 damage, and now have 33/94 hp.
MASSIVE DAMAGE!! (PAUSE) Unknown command.
Unknown command.
You hit the bullfrog.
The bullfrog looks as sick as possible!
The manticore barely misses you. The manticore claws you.
* * * LOW HITPOINT WARNING * * *
The manticore claws you.
* * * LOW HITPOINT WARNING * * *
The bullfrog hits you.
* * * LOW HITPOINT WARNING * * *
😨 HP[-6] MP[+1]
You take 6 damage, and now have 27/94 hp.
Unknown command.
You barely miss the bullfrog.
You feel a bit better.
You kill the bullfrog!
Makhleb accepts your kill.
You feel better. The manticore misses you. The manticore barely misses you.
The manticore completely misses you. 😨 HP[+6]
You regained 6 hp, and now have 33/94 hp.
You hit the manticore.
The manticore looks as sick as possible!
The manticore completely misses you. The manticore closely misses you.
The manticore completely misses you.
You hit the manticore but do no damage.
The manticore looks as sick as possible!
The manticore closely misses you. The manticore claws you!
* * * LOW HITPOINT WARNING * * *
The manticore claws you.
* * * LOW HITPOINT WARNING * * *
😱 HP[-12]
You take 12 damage, and now have 21/94 hp.
A demon appears!
The manticore bites you!
* * * LOW HITPOINT WARNING * * *
The manticore misses you.
The manticore completely misses you. 😱 HP[-13]
You take 13 damage, and now have 8/94 hp.
You feel better. The manticore bites you!
You die...

Skill      XL: |  1  2  3  4  5  6  7  8  9 |
---------------+----------------------------+-----
Transmutations | 2 3 4 5 6 7 |  7.5
Invocations    | 2 3 5 6 8 9 |  9.7
Fighting       | 10 | 10.8
Poison Magic   | 1 |  1.5
Dodging        | |  2.9
Unarmed Combat | |  2.6
Spellcasting   | |  1.7

Action                   |  1- 3 |  4- 6 |  7- 9 || total
-------------------------+-------+-------+-------++-------
Melee: Unarmed           |    98 |       |    90 ||   188
       Kick              |    21 |    28 |    46 ||    95
       Headbutt          |    13 |    15 |    29 ||    57
       Punch             |     5 |     8 |     4 ||    17
       Short sword       |    52 |   188 |   118 ||   358
       Flail             |       |       |    40 ||    40
 Cast: Beastly Appendage |    30 |    17 |    28 ||    75
       Wereblood         |     1 |    23 |    47 ||    71
       Spider Form       |       |       |    12 ||    12
Invok: Minor Destruction |       |     9 |    29 ||    38
       Lesser Servant of |       |       |     2 ||     2
 Abil: Heal Wounds       |     1 |     3 |     4 ||     8
  Use: Potion            |     1 |     5 |     5 ||    11
       Scroll            |       |       |    10 ||    10
 Stab: Sleeping          |       |     1 |       ||     1
Armor: Robe              |    27 |    35 |    15 ||    77
       Skin              |    16 |    20 |     4 ||    40
Dodge: Dodged            |   113 |   170 |   181 ||   464

Levels and vault maps discovered:
D:1:      giann_horns, layout_basic, basic_ecumenical_altar, wad_floor_pattern_1
D:2:      cheibrodos_helix_gallery, layout_loops_ring, basic_altar,
          moated_statue
D:3:      layout_basic, uniq_sigmund
D:4:      layout_basic
D:5:      cheibrodos_quashed, layout_basic, minmay_temple_entry_grid,
          portal_sewer_entry_f, grunt_ministairs_8
D:6:      lemuel_ice_spiral_2, layout_basic, minmay_fountain_box
D:7:      layout_loops_ring

Notes
Turn   | Place    | Note
-------+----------+-------------------------------------------
     0 | D:1      | spaghetti the Deep Dwarf Transmuter began the quest for the
                  | Orb.
     0 | D:1      | Reached XP level 1. HP: 16/16 MP: 3/3
     0 | D:1      | magus.rc [v1.9.6]
    72 | D:1      | Reached skill level 2 in Transmutations
   206 | D:1      | Found a faded altar of an unknown god.
   218 | D:1      | Reached XP level 2. HP: 21/24 MP: 2/4
   218 | D:1      | Prayed at the altar of an unknown god.
   218 | D:1      | Became a worshipper of Makhleb the Destroyer
   218 | D:1      | Reached * piety under Makhleb
   476 | D:1      | Reached skill level 3 in Transmutations
   571 | D:1      | You add the spells Ignite Poison, Mephitic Cloud and
                  | Freezing Cloud to your library.
   810 | D:1      | Reached XP level 3. HP: 18/30 MP: 3/5
   909 | D:1      | Reached skill level 1 in Invocations
  1149 | D:2      | HP: 6/30 [adder (3)]
  1153 | D:2      | HP: 1/30 [adder (3)]
  1166 | D:2      | Learned a level 2 spell: Wereblood
  1216 | D:2      | Found a shimmering altar of Xom.
  1395 | D:2      | Reached ** piety under Makhleb
  1417 | D:2      | Reached skill level 2 in Invocations
  1428 | D:2      | Reached XP level 4. HP: 37/37 MP: 4/6
  1452 | D:2      | Reached skill level 3 in Invocations
  2333 | D:3      | Reached skill level 4 in Transmutations
  2333 | D:3      | Reached XP level 5. HP: 29/40 MP: 3/6
  2606 | D:3      | Reached skill level 4 in Invocations
  2659 | D:3      | Noticed Sigmund
  2667 | D:3      | HP: 8/43 [Sigmund/+0 scythe (6)]
  2673 | D:3      | HP: 6/43 [Sigmund/+0 scythe (9)]
  2678 | D:3      | Killed Sigmund
  2679 | D:3      | Reached skill level 5 in Transmutations
  2679 | D:3      | Reached skill level 5 in Invocations
  2679 | D:3      | Reached XP level 6. HP: 42/50 MP: 5/9
  3428 | D:4      | Reached *** piety under Makhleb
  3429 | D:4      | Reached skill level 6 in Invocations
  3681 | D:4      | You pick up a book of Blood and begin reading...
  3681 | D:4      | You add the spells Sublimation of Blood and Summon Hydra to
                  | your library.
  3726 | D:4      | Reached XP level 7. HP: 54/56 MP: 7/10
  3927 | D:5      | Entered Level 5 of the Dungeon
  4022 | D:5      | Reached skill level 7 in Invocations
  4026 | D:5      | Reached skill level 6 in Transmutations
  4185 | D:5      | HP: 12/56 [gnoll/+0 spear (2)]
  4399 | D:5      | Reached skill level 8 in Invocations
  4532 | D:5      | Reached XP level 8. HP: 17/63 MP: 12/12
  4552 | D:5      | HP: 12/63 [hound (2)]
  4575 | D:5      | HP: 14/63 [ice beast (12)]
  4629 | D:5      | Found a glowing drain.
  4638 | Sewer    | Entered a sewer
  4821 | Sewer    | HP: 10/63 [kobold brigand/+0 whip (6)]
  4997 | Sewer    | HP: 10/63 [poisoned by a kobold brigand (curare-tipped
                  | dart)]
  5002 | Sewer    | Reached skill level 7 in Transmutations
  5071 | Sewer    | Reached skill level 9 in Invocations
  5332 | Sewer    | Identified a potion of experience
  5332 | Sewer    | Reached skill level 10 in Fighting
  5332 | Sewer    | Gained mutation: You passively map the area around you.
                  | [Deep Dwarf growth]
  5332 | Sewer    | Reached XP level 9. HP: 56/94 MP: 11/13
  5337 | Sewer    | Learned a level 3 spell: Spider Form
  5341 | Sewer    | Learned a level 3 spell: Ignite Poison
  5781 | D:5      | Reached **** piety under Makhleb
  5852 | D:5      | Found a staircase to the Ecumenical Temple.
  6135 | D:6      | Reached skill level 1 in Poison Magic
  6142 | D:6      | HP: 19/94 [orc/+0 morningstar (8)]
  6688 | D:7      | Noticed a manticore
  6697 | D:7      | HP: 21/94 [manticore (5)]
  6698 | D:7      | HP: 8/94 [manticore (9)]
  6699 | D:7      | Slain by a manticore

Vanquished Creatures
  Sigmund (D:3)
  An ice beast (D:5)
  2 sky beasts
  2 black bears (D:6)
  2 ogres
  A centaur (D:6)
  2 phantoms
  3 kobold brigands (Sewer)
  2 bullfrogs
  A necrophage (D:5)
  A scorpion (D:4)
  A howler monkey (D:5)
  3 hounds
  An orc priest (D:6)
  2 jellies (D:5)
  2 orc wizards (D:3)
  5 iguanas
  4 gnolls (D:2)
  12 adders
  3 river rats (Sewer)
  2 ufetubi
  7 worms
  2 dart slugs
  14 orcs
  10 bats
  9 endoplasms
  6 giant cockroaches
  4 goblins
  6 hobgoblins
  3 jackals (D:3)
  10 quokkas
  7 ball pythons
  5 frilled lizards
  14 kobolds
  12 rats
162 creatures vanquished.

Vanquished Creatures (collateral kills)
  4 gnolls (D:5)
  A giant cockroach (D:5)
5 creatures vanquished.

Grand Total: 167 creatures vanquished

Table legend:
 A = Non-vault XP
 B = Vault XP
 C = Vault XP percentage of total XP
 D = Non-vault monster count
 E = Vault monster count
 F = Vault count percentage of total count
                 A         B        C        D         E       F
            +---------+---------+-------+---------+---------+-------
      Total |    2409 |     777 |  24.4 |     129 |      38 |  22.8
            +---------+---------+-------+---------+---------+-------
        D:1 |      45 |       0 |   0.0 |      29 |       0 |   0.0
        D:2 |     116 |       4 |   3.3 |      24 |       2 |   7.7
        D:3 |     151 |     239 |  61.3 |      25 |       1 |   3.8
        D:4 |     407 |       0 |   0.0 |      14 |       0 |   0.0
        D:5 |     731 |     103 |  12.4 |      18 |       7 |  28.0
        D:6 |     863 |       0 |   0.0 |      18 |       0 |   0.0
        D:7 |      96 |       0 |   0.0 |       1 |       0 |   0.0
      Sewer |       0 |     431 | 100.0 |       0 |      28 | 100.0
            +---------+---------+-------+---------+---------+-------

Illustrated notes

Table legend:
 A = Kills in this place as a percentage of kills in entire the game.
 B = Kills by you in this place as a percentage of kills by you in the entire game.
 C = Kills by friends in this place as a percentage of kills by friends in the entire game.
 D = Other kills in this place as a percentage of other kills in the entire game.
 E = Experience gained in this place as a percentage of experience gained in the entire game.
 F = Experience gained in this place divided by the number of levels of this place that you have seen.
                   A       B       C       D       E      F
               +-------+-------+-------+-------+-------+----------------------
         Total | 100.0 | 100.0 | 100.0 |   N/A | 100.0 | 398.2
       Dungeon |  83.2 |  82.7 | 100.0 |   N/A |  86.5 | 393.6
         Sewer |  16.8 |  17.3 |   0.0 |   N/A |  13.5 | 431.0
               +-------+-------+-------+-------+-------+----------------------

Table legend: (Time is in decaauts)
 A = Elapsed time spent in this place.
 B = Non-inter-level travel time spent in this place.
 C = Inter-level travel time spent in this place.
 D = Time resting spent in this place.
 E = Time spent auto-exploring this place.
 F = Levels seen in this place.
 G = Mean time per level.
                   A        B        C        D        E       F      G
               +--------+--------+--------+--------+--------+-----+--------+
         Total |   6893 |   6746 |    147 |    415 |   4794 |   8 |  861.6 |
       Dungeon |   5928 |   5781 |    147 |    406 |   4140 |   7 |  846.9 |
         Sewer |    965 |    965 |      0 |      9 |    654 |   1 |  965.0 |
               +--------+--------+--------+--------+--------+-----+--------+

Top non-repeatable levels by time:
     D:5: 1154 daAuts
     D:1: 1127 daAuts
     D:3: 1081 daAuts
   Sewer: 965 daAuts
     D:4: 928 daAuts
     D:2: 874 daAuts
     D:6: 749 daAuts
     D:7: 12 daAuts
